 Dungeon Crawl Stone Soup version 0.31.0-12-g77e489cdc1 (webtiles) character file.

Game seed: 14297370184704833125

129 mopl the Slasher (level 5, -10/42 HPs)
             Began as a Merfolk Fighter on Feb 11, 2024.
             Killed by divine providence
             ... invoked by an orc priest
              (17 damage)
             ... on level 3 of the Dungeon.
             The game lasted 00:02:20 (1764 turns).

mopl the Slasher (Merfolk Fighter)                  Turns: 1764, Time: 00:02:21

Health: -10/42     AC:  7    Str: 18    XL:     5   Next: 12%
Magic:  5/5        EV: 10    Int:  7    God:
Gold:   72         SH:  5    Dex: 14    Spells: 4/4 levels left

rFire   . . .        a - +0 long sword
rCold   . . .        c - +0 buckler
rNeg    . . .        b - +0 scale mail
rPois   .            i - +0 helmet
rElec   .            (no cloak)
rCorr   .            (no gloves)
SInv    .            (no boots)
Will    .....        (no amulet) Stlth
                     (no ring)
HPRegen 0.27/turn    (no ring)
MPRegen 0.09/turn

%: no passive effects
@: no status effects
A: (nimble swimmer 2), mertail
a: no special abilities


You were on level 3 of the Dungeon.
You visited 1 branch of the dungeon, and saw 3 of its levels.

You collected 72 gold pieces.

Inventory:

Hand Weapons
 a - a +0 long sword (weapon)
Armour
 b - a +0 scale mail (worn)
 c - a +0 buckler (worn)
 i - a +0 helmet (worn)
Scrolls
 e - a scroll of identify {unknown}
 g - a scroll of silence {unknown}
 k - a scroll of torment {unknown}
Potions
 d - 2 potions of might
 f - a potion of haste {unknown}
 h - a potion of enlightenment {unknown}
 j - a potion of curing {unknown}
 l - a potion of degeneration {unknown}


   Skills:
 + Level 4.1 Fighting
 * Level 4.3 Long Blades
 + Level 2.7 Armour
 + Level 2.3 Dodging
 - Level 3.0 Shields


You had 4 spell levels left.
You didn't know any spells.
Your spell library contained the following spells:

 Spells                   Type           Power      Damage    Failure   Level
 Freeze                   Ice            0%         1d3       88%         1
 Frozen Ramparts          Ice            0%         1d1       99%         3
 Hailstorm                Conj/Ice       0%         3d5       99%         3
 Summon Ice Beast         Ice/Summ       0%         N/A       99%         3
 Sculpt Simulacrum        Ice/Alch       0%         N/A       100%        6


Dungeon Overview and Level Annotations

Branches:
Dungeon (3/15)

Altars:


Innate Abilities, Weirdness & Mutations

((You are very nimble when in or above water. (Stealth+, EV+, Speed+++)))
Your lower body shifts to a powerful aquatic tail in water.


Message History

The ball python attacks as it pursues you!
You block the ball python's attack. The ball python barely misses you.
The ball python attacks as it pursues you!
You block the ball python's attack. The ball python grabs you.
The ball python constricts you.
You slash the ball python!
You kill the ball python!
The orc priest hits you but does no damage.
You see here a ball python corpse.
You completely miss the orc priest. You hit the orc priest.
The orc priest is moderately wounded.
You block the orc priest's attack. The orc closely misses you.
You closely miss the orc priest.
The orc priest is moderately wounded.
The orc priest hits you but does no damage.
Unknown command.
The orc priest invokes the aid of Beogh against you.
Beogh smites you!
The orc priest attacks as it pursues you!
The orc priest hits you but does no damage.
You hit the orc priest.
The orc priest is severely wounded.
You block the orc priest's attack.
You closely miss the orc.
The orc priest calls down the wrath of Beogh upon you.
Beogh smites you! The orc hits you with a +0 flail.
You slash the orc!
You kill the orc!
You barely miss the orc. The orc barely misses you. You block the orc's attack.
You hit the orc.
The orc is almost dead.
The orc priest casts a cantrip, but nothing happens.
The orc priest mumbles some strange prayers to Beogh against you.
Beogh smites you!
* * * LOW HITPOINT WARNING * * *
You block the orc's attack.
The orc priest mumbles some strange prayers to Beogh against you.
Beogh smites you!
You die...

#o# #... #)#
.$.. #.# .....
#.# ..... #.
#.#...... ##.##
#.#...... ...#
#........
#..######o# ##
#......@oo#
...###.######.#
.......######.#
#.........#
##.######## #.#
#.# #.# #.#


You could see 2 orc priests and an orc.

Vanquished Creatures
  Robin (D:1)
  3 adders (D:2)
  2 dart slugs
  A ribbon worm (D:2)
  An orc (D:3)
  8 endoplasms
  5 giant cockroaches
  13 goblins
  9 hobgoblins
  3 jackals (D:2)
  4 quokkas
  3 ball pythons
  6 bats
  7 frilled lizards
  5 kobolds
  9 rats
80 creatures vanquished.

Notes
Turn   | Place    | Note
-------+----------+-------------------------------------------
     0 | D:1      | mopl the Merfolk Fighter began the quest for the Orb.
     0 | D:1      | Reached XP level 1. HP: 18/18 MP: 1/1
   139 | D:1      | Reached XP level 2. HP: 20/24 MP: 2/2
   148 | D:1      | Reached skill level 1 in Dodging
   228 | D:1      | Reached XP level 3. HP: 29/29 MP: 3/3
   729 | D:2      | Reached XP level 4. HP: 6/37 MP: 4/4
   960 | D:2      | Noticed Robin
  1129 | D:1      | Killed Robin
  1380 | D:2      | Reached XP level 5. HP: 35/42 MP: 5/5
  1764 | D:3      | Killed from afar by an orc priest

Illustrated notes

Levels and vault maps discovered:
D:1:      elethiomel_arrival_quiet, layout_loops_ring,
          nicolae_concentric_dashed_squares_wild
D:2:      layout_rooms, uniq_robin
D:3:      layout_loops_ring, gup_sewer_entry_spiral, nicolae_underground_beach

Skill      XL: |  1  2  3  4 |
---------------+-------------+-----
Dodging        | 1 2 |  2.3
Long Blades    | 3 4 |  4.3
Fighting       | 4 |  4.1
Armour         | |  2.7
Shields        | |  3.0

Action                     |  1- 3 |  4- 6 || total
---------------------------+-------+-------++-------
  Melee: Long sword        |   107 |   135 ||   242
 Armour: Scale mail        |   100 |   104 ||   204
  Dodge: Dodged            |    68 |    68 ||   136
  Block: Buckler           |    30 |    45 ||    75
